[ AOE2 MATCH · #505912927 ]
UnrankedFranks vs Persians
[ REPLAY ANALYSIS · EXTRACTED FROM THE RECORDED GAME ]
Feudal
12:53
Castle
17:51
Imperial
33:41
| APM avg | 29.4 |
| APM peak | 64 |
| eAPM avg | 19.6 |
| Villagers / military | 121 / 329 |
Focus
⚔️ 32.1% · 🌾 67.9%
Knight ×157 · Throwing Axeman ×103 · Scout Cavalry ×66 · Trade Cart ×35 · Trebuchet (Packed) ×3
Feudal
11:50
Castle
20:41
Imperial
39:01
| APM avg | 40.3 |
| APM peak | 81 |
| eAPM avg | 28.6 |
| Villagers / military | 110 / 85 |
Focus
⚔️ 28.9% · 🌾 71.1%
Unknown (2579) ×83 · Skirmisher ×44 · Spearman ×32 · Trade Cart ×9 · Trebuchet (Packed) ×4 · Mangonel ×3
Feudal
10:38
Castle
15:15
Imperial
29:32
| APM avg | 22.8 |
| APM peak | 50 |
| eAPM avg | 18.6 |
| Villagers / military | 157 / 154 |
Focus
⚔️ 32.2% · 🌾 67.8%
Knight ×55 · Archer ×50 · Fishing Ship ×30 · Camel Scout ×23 · Trade Cart ×21 · Hand Cannoneer ×10
Feudal
12:59
Castle
17:19
Imperial
33:11
| APM avg | 28.3 |
| APM peak | 58 |
| eAPM avg | 20.0 |
| Villagers / military | 144 / 289 |
Focus
⚔️ 32.8% · 🌾 67.2%
Spearman ×208 · Battle Elephant ×80 · Trade Cart ×7 · Monk ×1
Feudal
11:55
Castle
15:29
Imperial
33:59
| APM avg | 30.9 |
| APM peak | 61 |
| eAPM avg | 23.9 |
| Villagers / military | 164 / 636 |
Focus
⚔️ 30.9% · 🌾 69.1%
Camel Scout ×441 · Skirmisher ×189 · Trade Cart ×93 · Fishing Ship ×13 · Mangonel ×3 · Trebuchet (Packed) ×3
Feudal
13:06
Castle
17:55
Imperial
30:45
| APM avg | 36.0 |
| APM peak | 79 |
| eAPM avg | 26.0 |
| Villagers / military | 165 / 356 |
Focus
⚔️ 49.4% · 🌾 50.6%
Spearman ×282 · Bombard Cannon ×44 · Skirmisher ×18 · Fishing Ship ×16 · Scorpion ×7 · Hussite Wagon ×3
Feudal
14:04
Castle
19:17
Imperial
33:30
| APM avg | 18.1 |
| APM peak | 38 |
| eAPM avg | 13.1 |
| Villagers / military | 99 / 205 |
Focus
⚔️ 33.6% · 🌾 66.4%
Spearman ×169 · Samurai ×27 · Fishing Ship ×26 · Trade Cart ×15 · Trebuchet (Packed) ×8 · Monk ×1
Feudal
14:27
Castle
20:10
Imperial
38:15
| APM avg | 42.5 |
| APM peak | 104 |
| eAPM avg | 20.1 |
| Villagers / military | 164 / 93 |
Focus
⚔️ 28.6% · 🌾 71.4%
Camel Archer ×66 · Monk ×13 · Trebuchet (Packed) ×8 · Mangonel ×6
Match map
Initial resources + every placement click. Lines = walls · curves = elevation contours. ◆ gold · ⬟ stone · ● berries · ✦ relic · ◌ wall gap
Your base· ✓ Closed at 17:51 · 0t walls · no gate
bitwise's base· ✓ Closed at 20:41 · 13t walls · 2 gate(s)
11VillagerIdle's base· ✓ Closed at 15:15 · 0t walls · no gate
Vilkian's base· ✓ Closed at 17:19 · 34t walls · no gate
k10_g15's base· ✓ Closed at 15:29 · 0t walls · no gate
ryan20160922's base· ✓ Closed at 17:55 · 9t walls · no gate
Non faux pa's base· ✓ Closed at 19:17 · 58t walls · no gate
abhishekchopra.ubs's base· ✓ Closed at 20:10 · 61t walls · 2 gate(s)
Smoothed initial terrain · ◌ = detected wall gap · hover for details
Inputs per minute
— Simba - - bitwise
Build order — Simba
First 150 of 430 actions detected
| 0:03 | Create | Villager (Male) |
| 0:03 | Create | Villager (Male) |
| 0:03 | Create | Villager (Male) |
| 0:04 | Create | Villager (Male) |
| 0:04 | Create | Villager (Male) |
| 0:06 | Build | House |
| 0:10 | Build | House |
| 1:36 | Create | Villager (Male) |
| 1:36 | Create | Villager (Male) |
| 2:00 | Build | Lumber Camp |
| 2:07 | Create | Villager (Male) |
| 2:07 | Create | Villager (Male) |
| 2:47 | Create | Villager (Male) |
| 2:52 | Research | Loom |
| 2:52 | Research | Loom |
| 3:05 | Build | House |
| 3:07 | Build | House |
| 3:16 | Create | Villager (Male) |
| 3:17 | Create | Villager (Male) |
| 3:17 | Create | Villager (Male) |
| 3:51 | Create | Villager (Male) |
| 4:31 | Create | Villager (Male) |
| 4:31 | Create | Villager (Male) |
| 4:31 | Create | Villager (Male) |
| 4:46 | Create | Villager (Male) |
| 4:46 | Create | Villager (Male) |
| 5:32 | Create | Villager (Male) |
| 5:33 | Create | Villager (Male) |
| 6:18 | Create | Villager (Male) |
| 7:06 | Build | Mill |
| 7:17 | Create | Villager (Male) |
| 7:17 | Create | Villager (Male) |
| 7:30 | Build | Mill |
| 7:34 | Create | Villager (Male) |
| 7:34 | Create | Villager (Male) |
| 7:55 | Create | Villager (Male) |
| 8:55 | Create | Villager (Male) |
| 9:04 | Build | House |
| 9:11 | Build | House |
| 9:15 | Create | Villager (Male) |
| 9:33 | Create | Villager (Male) |
| 10:00 | Build | Mining Camp |
| 10:22 | Research | Feudal Age |
| 10:23 | Research | Feudal Age |
| 10:55 | Build | Lumber Camp |
| 11:18 | Create | Villager (Male) |
| 11:18 | Create | Villager (Male) |
| 12:48 | Build | Farm |
| 12:48 | Build | Farm |
| 12:49 | Build | Farm |
| 12:50 | Build | Farm |
| 12:52 | Build | Farm |
| 12:53 | Age | Feudal Age |
| 12:56 | Build | Farm |
| 13:12 | Build | Market |
| 13:32 | Build | Blacksmith |
| 13:44 | Create | Villager (Male) |
| 13:55 | Build | House |
| 13:57 | Build | House |
| 14:10 | Create | Villager (Male) |
| 14:39 | Build | Farm |
| 14:42 | Create | Villager (Male) |
| 15:07 | Build | Farm |
| 15:09 | Build | Farm |
| 15:11 | Research | Castle Age |
| 15:11 | Research | Castle Age |
| 15:25 | Research | Double-Bit Axe |
| 16:41 | Create | Villager (Male) |
| 16:42 | Create | Villager (Male) |
| 17:51 | Age | Castle Age |
| 17:59 | Build | Town Center |
| 18:41 | Build | Town Center |
| 19:14 | Build | Town Center |
| 19:51 | Build | Barracks |
| 20:01 | Create | Villager (Male) ×5 |
| 20:01 | Create | Villager (Male) ×5 |
| 20:01 | Create | Villager (Male) ×5 |
| 20:01 | Create | Villager (Male) ×5 |
| 20:29 | Build | Farm |
| 20:36 | Build | Farm |
| 20:37 | Build | Farm |
| 20:38 | Build | Farm |
| 20:39 | Build | Farm |
| 20:41 | Build | Farm |
| 20:56 | Build | Farm |
| 20:58 | Build | Farm |
| 20:59 | Build | Farm |
| 21:02 | Build | Farm |
| 21:05 | Build | Farm |
| 21:11 | Create | Villager (Male) ×5 |
| 21:16 | Build | Farm |
| 21:32 | Build | Stable |
| 21:38 | Build | Farm |
| 21:42 | Build | Farm |
| 21:43 | Build | Farm |
| 21:49 | Create | Villager (Male) ×5 |
| 22:08 | Research | Scale Barding Armor |
| 22:09 | Research | Scale Barding Armor |
| 22:13 | Create | Villager (Male) ×2 |
| 22:13 | Create | Villager (Male) ×2 |
| 22:23 | Build | House |
| 22:23 | Build | House |
| 22:24 | Build | House |
| 22:24 | Build | House |
| 22:24 | Build | House |
| 22:27 | Build | House |
| 22:27 | Build | House |
| 22:28 | Build | House |
| 22:52 | Create | Villager (Male) |
| 22:52 | Create | Villager (Male) |
| 23:02 | Create | Villager (Male) |
| 23:06 | Research | Wheelbarrow |
| 23:06 | Research | Wheelbarrow |
| 23:09 | Build | Farm |
| 23:20 | Build | Stable |
| 23:20 | Build | Stable |
| 23:23 | Research | Husbandry |
| 23:24 | Research | Husbandry |
| 23:35 | Research | Chain Barding Armor |
| 23:35 | Research | Chain Barding Armor |
| 23:43 | Build | Farm |
| 23:44 | Create | Villager (Male) |
| 23:45 | Create | Villager (Male) |
| 23:53 | Create | Villager (Male) |
| 23:54 | Create | Villager (Male) |
| 23:54 | Create | Villager (Male) |
| 23:54 | Create | Villager (Male) |
| 23:58 | Create | Villager (Male) |
| 23:58 | Create | Villager (Male) |
| 24:11 | Build | Stable |
| 24:14 | Create | Knight |
| 24:14 | Create | Knight |
| 24:28 | Create | Villager (Male) |
| 24:28 | Create | Villager (Male) |
| 24:29 | Create | Villager (Male) |
| 24:56 | Build | Mining Camp |
| 25:02 | Create | Villager (Male) |
| 25:07 | Create | Villager (Male) |
| 25:07 | Create | Villager (Male) |
| 25:13 | Build | House |
| 25:14 | Build | House |
| 25:14 | Build | House |
| 25:14 | Build | House |
| 25:15 | Build | House |
| 25:15 | Build | House |
| 25:15 | Build | House |
| 25:15 | Build | House |
| 25:16 | Build | House |
| 25:17 | Build | House |
| 25:28 | Build | Stable |
Build order — bitwise
First 150 of 436 actions detected
| 0:00 | Create | Villager (Male) |
| 0:00 | Create | Villager (Male) |
| 0:01 | Create | Villager (Male) |
| 0:02 | Build | House |
| 0:03 | Build | House |
| 0:12 | Create | Villager (Male) |
| 1:08 | Build | Palisade Wall |
| 1:11 | Create | Villager (Male) |
| 1:11 | Create | Villager (Male) |
| 1:25 | Build | House |
| 1:57 | Research | Loom |
| 2:19 | Build | House |
| 2:32 | Create | Villager (Male) |
| 2:32 | Create | Villager (Male) |
| 2:32 | Create | Villager (Male) |
| 2:32 | Create | Villager (Male) |
| 3:26 | Build | Palisade Wall |
| 3:31 | Build | Palisade Gate |
| 3:52 | Create | Villager (Male) |
| 3:52 | Create | Villager (Male) |
| 4:31 | Create | Villager (Male) |
| 4:49 | Create | Villager (Male) |
| 4:53 | Build | Settlement |
| 5:16 | Create | Villager (Male) |
| 5:16 | Create | Villager (Male) |
| 5:28 | Create | Villager (Male) |
| 5:28 | Create | Villager (Male) |
| 5:54 | Create | Villager (Male) |
| 6:27 | Build | House |
| 6:33 | Create | Villager (Male) |
| 6:33 | Create | Villager (Male) |
| 7:04 | Create | Villager (Male) |
| 7:06 | Create | Villager (Male) |
| 7:06 | Create | Villager (Male) |
| 7:06 | Create | Villager (Male) |
| 7:06 | Create | Villager (Male) |
| 7:06 | Create | Villager (Male) |
| 7:06 | Create | Villager (Male) |
| 7:24 | Create | Villager (Male) |
| 7:54 | Create | Villager (Male) |
| 8:16 | Build | Settlement |
| 8:26 | Create | Villager (Male) |
| 9:08 | Create | Villager (Male) |
| 9:28 | Build | Settlement |
| 9:40 | Research | Feudal Age |
| 10:00 | Create | Villager (Male) |
| 10:28 | Build | Dock |
| 11:12 | Build | Settlement |
| 11:28 | Create | Villager (Male) |
| 11:50 | Age | Feudal Age |
| 12:02 | Build | Watch Tower |
| 12:04 | Create | Villager (Male) |
| 12:11 | Create | Fishing Ship |
| 12:24 | Create | Villager (Male) |
| 12:37 | Research | Double-Bit Axe |
| 12:38 | Create | Villager (Male) |
| 12:43 | Research | Stone Mining |
| 13:39 | Create | Villager (Male) |
| 13:39 | Create | Villager (Male) |
| 13:39 | Create | Villager (Male) |
| 13:57 | Build | Barracks |
| 14:06 | Create | Villager (Male) |
| 14:12 | Build | Farm |
| 14:13 | Build | Farm |
| 14:13 | Build | Farm |
| 14:13 | Build | Farm |
| 14:35 | Build | Blacksmith |
| 15:14 | Create | Villager (Male) |
| 15:14 | Create | Villager (Male) |
| 15:29 | Build | Market |
| 15:52 | Create | Villager (Male) |
| 16:09 | Build | Farm |
| 16:10 | Build | Farm |
| 16:10 | Build | Farm |
| 16:16 | Create | Fishing Ship |
| 16:42 | Build | Farm |
| 16:42 | Build | Farm |
| 16:53 | Create | Villager (Male) |
| 16:59 | Build | Farm |
| 17:36 | Build | Farm |
| 18:01 | Research | Castle Age |
| 18:15 | Research | Horse Collar |
| 18:20 | Create | Fishing Ship |
| 18:46 | Build | Farm |
| 18:49 | Build | Farm |
| 19:32 | Build | Stone Wall |
| 19:43 | Build | Stone Wall |
| 19:49 | Build | Gate |
| 19:57 | Build | Stone Wall |
| 20:27 | Create | Villager (Male) |
| 20:41 | Age | Castle Age |
| 21:22 | Build | Castle |
| 21:29 | Build | Siege Workshop |
| 21:35 | Create | Villager (Male) |
| 21:35 | Create | Villager (Male) |
| 21:39 | Build | House |
| 21:41 | Build | House |
| 21:47 | Research | Bow Saw |
| 21:54 | Build | Farm |
| 22:01 | Research | Fletching |
| 22:17 | Create | Mangonel |
| 22:23 | Build | Town Center |
| 22:44 | Research | Bodkin Arrow |
| 22:55 | Create | Villager (Male) |
| 22:55 | Create | Villager (Male) |
| 23:05 | Research | Heavy Plow |
| 23:08 | Create | Villager (Male) |
| 23:18 | Create | Unit 2579 |
| 23:19 | Create | Unit 2579 |
| 23:19 | Create | Unit 2579 |
| 23:20 | Create | Unit 2579 |
| 23:43 | Research | Padded Archer Armor |
| 23:49 | Create | Villager (Male) |
| 23:49 | Create | Villager (Male) |
| 24:00 | Build | Monastery |
| 24:05 | Build | University |
| 24:09 | Create | Villager (Male) |
| 24:10 | Create | Villager (Male) |
| 24:10 | Create | Villager (Male) |
| 24:17 | Build | Farm |
| 24:19 | Build | Farm |
| 24:27 | Research | Gold Mining |
| 24:38 | Create | Battering Ram |
| 24:58 | Create | Unit 2579 |
| 24:58 | Create | Unit 2579 |
| 24:58 | Create | Unit 2579 |
| 25:00 | Create | Villager (Male) |
| 25:00 | Create | Villager (Male) |
| 25:12 | Create | Monk |
| 26:22 | Create | Unit 2579 |
| 26:23 | Create | Unit 2579 |
| 26:27 | Create | Villager (Male) |
| 26:43 | Research | Ballistics |
| 26:50 | Create | Villager (Male) |
| 26:50 | Create | Villager (Male) |
| 26:50 | Create | Villager (Male) |
| 26:53 | Research | Wheelbarrow |
| 28:43 | Create | Villager (Male) |
| 28:43 | Create | Villager (Male) |
| 28:45 | Research | Tech 1392 |
| 28:47 | Create | Mangonel |
| 29:14 | Create | Villager (Male) |
| 29:14 | Create | Villager (Male) |
| 29:19 | Create | Villager (Male) |
| 29:20 | Create | Villager (Male) |
| 29:20 | Create | Villager (Male) |
| 29:21 | Create | Villager (Male) |
| 29:21 | Create | Villager (Male) |
| 29:21 | Create | Villager (Male) |
| 29:23 | Create | Villager (Male) |
Build order — 11VillagerIdle
First 150 of 545 actions detected
| 0:06 | Build | House |
| 0:07 | Build | House |
| 0:08 | Create | Villager (Male) ×5 |
| 1:47 | Create | Villager (Male) ×2 |
| 1:54 | Build | Lumber Camp |
| 2:10 | Create | Villager (Male) |
| 3:02 | Create | Villager (Male) |
| 3:12 | Create | Villager (Male) |
| 3:21 | Build | House |
| 3:49 | Build | Mill |
| 3:50 | Create | Villager (Male) |
| 4:06 | Create | Villager (Male) |
| 4:33 | Create | Villager (Male) |
| 4:33 | Create | Villager (Male) |
| 4:58 | Create | Villager (Male) |
| 5:27 | Create | Villager (Male) |
| 5:50 | Create | Villager (Male) ×2 |
| 6:12 | Build | House |
| 6:38 | Create | Villager (Male) |
| 7:14 | Create | Villager (Male) ×3 |
| 7:25 | Create | Villager (Male) ×2 |
| 7:48 | Create | Villager (Male) |
| 8:14 | Build | Mining Camp |
| 8:33 | Research | Loom |
| 8:34 | Research | Feudal Age |
| 9:11 | Build | House |
| 9:14 | Build | House |
| 9:27 | Build | House |
| 9:32 | Build | House |
| 10:26 | Create | Villager (Male) |
| 10:38 | Age | Feudal Age |
| 10:44 | Build | Blacksmith |
| 11:01 | Build | Market |
| 11:06 | Build | House |
| 11:12 | Create | Villager (Male) |
| 11:21 | Create | Villager (Male) |
| 11:26 | Build | House |
| 11:54 | Create | Villager (Male) |
| 12:07 | Build | Mining Camp |
| 12:14 | Research | Loom |
| 12:49 | Research | Castle Age |
| 13:05 | Build | House |
| 13:18 | Build | Mill |
| 13:26 | Build | Dock |
| 13:32 | Research | Double-Bit Axe |
| 13:46 | Build | Barracks |
| 14:20 | Research | Horse Collar |
| 14:21 | Research | Gold Mining |
| 14:36 | Create | Fishing Ship |
| 14:37 | Create | Fishing Ship |
| 14:47 | Build | House |
| 14:48 | Build | House |
| 15:15 | Age | Castle Age |
| 15:30 | Create | Villager (Male) |
| 15:31 | Create | Villager (Male) |
| 15:37 | Build | Town Center |
| 15:56 | Create | Villager (Male) |
| 16:10 | Create | Fishing Ship |
| 16:22 | Create | Villager (Male) |
| 16:26 | Create | Fishing Ship |
| 16:35 | Build | Town Center |
| 16:38 | Create | Villager (Male) |
| 17:01 | Build | Farm |
| 17:05 | Create | Villager (Male) |
| 17:21 | Research | Bow Saw |
| 17:23 | Build | Farm |
| 17:25 | Create | Villager (Male) |
| 17:37 | Create | Fishing Ship |
| 17:51 | Build | Outpost |
| 17:55 | Build | Stone Wall |
| 17:57 | Build | Gate |
| 18:01 | Build | Farm |
| 18:03 | Create | Villager (Male) |
| 18:07 | Create | Villager (Male) |
| 18:09 | Create | Villager (Male) |
| 18:09 | Create | Villager (Male) |
| 18:13 | Build | Farm |
| 18:15 | Create | Villager (Male) |
| 18:30 | Create | Villager (Male) |
| 18:42 | Create | Villager (Male) |
| 18:53 | Build | Farm |
| 19:04 | Build | House |
| 19:15 | Build | Monastery |
| 19:19 | Create | Villager (Male) |
| 19:21 | Build | Farm |
| 19:22 | Create | Villager (Male) |
| 19:24 | Create | Villager (Male) |
| 19:30 | Create | Villager (Male) |
| 19:41 | Build | Town Center |
| 19:51 | Build | Outpost |
| 19:53 | Build | Farm |
| 19:56 | Create | Villager (Male) |
| 19:56 | Create | Villager (Male) |
| 20:00 | Create | Monk |
| 20:01 | Create | Monk |
| 20:10 | Build | Farm |
| 20:17 | Create | Villager (Male) |
| 20:38 | Build | Fish Trap |
| 20:43 | Build | Fish Trap |
| 20:49 | Build | Fish Trap |
| 20:53 | Build | Farm |
| 20:55 | Create | Villager (Male) |
| 20:55 | Create | Villager (Male) |
| 21:05 | Build | House |
| 21:14 | Build | Fish Trap |
| 21:20 | Build | Fish Trap |
| 21:24 | Build | Farm |
| 21:27 | Create | Villager (Male) |
| 21:27 | Create | Villager (Male) |
| 21:36 | Create | Monk |
| 21:59 | Build | Barracks |
| 22:02 | Build | Farm |
| 22:04 | Create | Villager (Male) |
| 22:04 | Create | Villager (Male) |
| 22:05 | Create | Villager (Male) |
| 22:07 | Create | Fishing Ship |
| 22:07 | Create | Fishing Ship |
| 22:13 | Create | Villager (Male) |
| 22:18 | Create | Villager (Male) |
| 22:28 | Build | Town Center |
| 22:31 | Build | Farm |
| 22:35 | Create | Villager (Male) |
| 22:58 | Build | Fish Trap |
| 23:01 | Build | Farm |
| 23:03 | Create | Villager (Male) |
| 23:04 | Create | Villager (Male) |
| 23:04 | Create | Villager (Male) |
| 23:07 | Build | House |
| 23:09 | Build | House |
| 23:09 | Build | House |
| 23:10 | Build | House |
| 23:11 | Build | House |
| 23:12 | Build | House |
| 23:19 | Build | House |
| 23:23 | Build | Fish Trap |
| 23:27 | Create | Villager (Male) |
| 23:28 | Create | Villager (Male) |
| 23:31 | Build | Farm |
| 23:39 | Research | Heavy Plow |
| 23:58 | Build | House |
| 23:59 | Build | House |
| 24:03 | Build | Farm |
| 24:08 | Create | Villager (Male) |
| 24:09 | Create | Villager (Male) |
| 24:17 | Build | University |
| 24:24 | Create | Villager (Male) |
| 24:24 | Create | Villager (Male) |
| 24:25 | Create | Villager (Male) |
| 24:30 | Create | Fishing Ship |
| 24:31 | Create | Fishing Ship |
Build order — Vilkian
First 150 of 494 actions detected
| 0:01 | Create | Villager (Male) |
| 0:02 | Create | Villager (Male) |
| 0:02 | Create | Villager (Male) |
| 0:02 | Create | Villager (Male) |
| 0:03 | Build | House |
| 0:05 | Build | House |
| 1:16 | Research | Loom |
| 1:17 | Create | Villager (Male) |
| 1:17 | Create | Villager (Male) |
| 1:56 | Create | Villager (Male) |
| 1:56 | Create | Villager (Male) |
| 2:16 | Create | Villager (Male) |
| 2:17 | Create | Villager (Male) |
| 2:37 | Create | Villager (Male) |
| 2:37 | Create | Villager (Male) |
| 3:10 | Create | Villager (Male) |
| 3:10 | Create | Villager (Male) |
| 3:42 | Build | Palisade Wall |
| 3:48 | Create | Villager (Male) |
| 3:53 | Build | Lumber Camp |
| 3:59 | Create | Villager (Male) |
| 3:59 | Create | Villager (Male) |
| 4:09 | Create | Villager (Male) |
| 4:23 | Build | House |
| 4:53 | Build | Palisade Wall |
| 5:10 | Create | Villager (Male) |
| 5:10 | Create | Villager (Male) |
| 5:10 | Create | Villager (Male) |
| 5:11 | Create | Villager (Male) |
| 5:11 | Create | Villager (Male) |
| 5:26 | Build | Palisade Wall |
| 5:37 | Build | Palisade Wall |
| 5:43 | Build | Palisade Wall |
| 5:45 | Build | Palisade Wall |
| 6:23 | Create | Villager (Male) |
| 6:24 | Create | Villager (Male) |
| 6:24 | Create | Villager (Male) |
| 6:24 | Create | Villager (Male) |
| 6:24 | Create | Villager (Male) |
| 6:25 | Create | Villager (Male) |
| 6:28 | Build | House |
| 7:25 | Build | Mill |
| 7:53 | Build | Palisade Wall |
| 7:55 | Create | Villager (Male) |
| 7:55 | Create | Villager (Male) |
| 8:24 | Create | Villager (Male) |
| 8:24 | Create | Villager (Male) |
| 8:24 | Create | Villager (Male) |
| 8:25 | Create | Villager (Male) |
| 8:40 | Build | Mill |
| 8:54 | Build | House |
| 8:58 | Create | Villager (Male) |
| 8:59 | Create | Villager (Male) |
| 8:59 | Create | Villager (Male) |
| 8:59 | Create | Villager (Male) |
| 9:17 | Create | Villager (Male) |
| 9:38 | Build | Mining Camp |
| 9:54 | Create | Villager (Male) |
| 10:23 | Create | Villager (Male) |
| 10:49 | Research | Feudal Age |
| 10:49 | Research | Feudal Age |
| 10:54 | Build | Farm |
| 12:33 | Build | House |
| 12:34 | Build | House |
| 12:35 | Build | House |
| 12:50 | Create | Villager (Male) |
| 12:51 | Create | Villager (Male) |
| 12:59 | Age | Feudal Age |
| 13:03 | Build | Blacksmith |
| 13:08 | Build | Market |
| 13:27 | Create | Villager (Male) |
| 13:30 | Build | Farm |
| 13:48 | Create | Villager (Male) |
| 14:27 | Research | Castle Age |
| 14:43 | Research | Double-Bit Axe |
| 14:43 | Research | Double-Bit Axe |
| 14:45 | Research | Horse Collar |
| 15:06 | Build | Farm |
| 15:07 | Build | Farm |
| 15:07 | Build | Farm |
| 15:07 | Build | Farm |
| 15:07 | Build | Farm |
| 15:09 | Build | Farm |
| 15:38 | Build | Farm |
| 15:38 | Build | Farm |
| 16:06 | Build | House |
| 16:14 | Build | House |
| 16:16 | Build | House |
| 16:45 | Create | Villager (Male) |
| 16:50 | Build | Barracks |
| 17:19 | Age | Castle Age |
| 17:21 | Build | Town Center |
| 17:23 | Create | Villager (Male) |
| 17:25 | Create | Villager (Male) |
| 17:26 | Research | Bow Saw |
| 17:29 | Research | Heavy Plow |
| 17:34 | Research | Scale Barding Armor |
| 17:53 | Build | Stable |
| 18:06 | Research | Wheelbarrow |
| 18:18 | Research | Gold Mining |
| 18:29 | Build | Farm |
| 18:29 | Build | Farm |
| 18:30 | Build | Farm |
| 18:31 | Build | Farm |
| 18:36 | Create | Villager (Male) |
| 18:48 | Create | Villager (Male) |
| 18:48 | Create | Villager (Male) |
| 19:16 | Create | Villager (Male) |
| 19:16 | Create | Villager (Male) |
| 19:23 | Build | Farm |
| 19:24 | Build | Farm |
| 19:25 | Build | Farm |
| 19:35 | Create | Villager (Male) |
| 19:49 | Build | Farm |
| 19:49 | Build | Farm |
| 19:50 | Build | Farm |
| 19:50 | Build | Farm |
| 19:53 | Create | Villager (Male) |
| 19:54 | Create | Villager (Male) |
| 19:57 | Create | Villager (Male) |
| 20:08 | Create | Villager (Male) |
| 20:09 | Create | Villager (Male) |
| 20:30 | Build | House |
| 20:32 | Create | Villager (Male) |
| 20:32 | Create | Villager (Male) |
| 20:45 | Create | Villager (Male) |
| 20:46 | Create | Villager (Male) |
| 20:56 | Build | Town Center |
| 21:31 | Create | Battle Elephant |
| 21:45 | Create | Villager (Male) |
| 21:46 | Create | Villager (Male) |
| 21:50 | Build | Stable |
| 21:53 | Research | Bloodlines |
| 21:53 | Research | Bloodlines |
| 21:55 | Research | Chain Barding Armor |
| 21:55 | Research | Chain Barding Armor |
| 22:01 | Research | Husbandry |
| 22:01 | Research | Husbandry |
| 22:15 | Create | Villager (Male) |
| 22:15 | Create | Villager (Male) |
| 22:17 | Create | Villager (Male) |
| 22:17 | Create | Villager (Male) |
| 22:29 | Create | Villager (Male) |
| 22:30 | Create | Villager (Male) |
| 22:41 | Create | Battle Elephant |
| 22:42 | Create | Battle Elephant |
| 22:47 | Build | Stable |
| 22:58 | Create | Battle Elephant |
| 22:59 | Create | Battle Elephant |
| 23:04 | Create | Villager (Male) |
Build order — k10_g15
First 150 of 613 actions detected
| 0:03 | Create | Villager (Male) |
| 0:03 | Create | Villager (Male) |
| 0:03 | Create | Villager (Male) |
| 0:03 | Create | Villager (Male) |
| 0:03 | Create | Villager (Male) |
| 0:04 | Build | House |
| 0:06 | Build | House |
| 1:30 | Create | Villager (Male) |
| 1:30 | Create | Villager (Male) |
| 1:59 | Build | Lumber Camp |
| 2:07 | Create | Villager (Male) |
| 2:07 | Create | Villager (Male) |
| 2:19 | Create | Villager (Male) |
| 2:19 | Create | Villager (Male) |
| 3:01 | Create | Villager (Male) |
| 3:01 | Create | Villager (Male) |
| 3:01 | Create | Villager (Male) |
| 3:21 | Create | Villager (Male) |
| 3:21 | Create | Villager (Male) |
| 3:22 | Create | Villager (Male) |
| 3:51 | Create | Villager (Male) |
| 3:51 | Create | Villager (Male) |
| 3:51 | Create | Villager (Male) |
| 3:54 | Build | House |
| 3:58 | Create | Villager (Male) |
| 3:58 | Create | Villager (Male) |
| 4:29 | Build | Dock |
| 4:36 | Create | Villager (Male) |
| 4:36 | Create | Villager (Male) |
| 4:37 | Create | Villager (Male) |
| 5:09 | Create | Villager (Male) |
| 5:09 | Create | Villager (Male) |
| 5:10 | Create | Villager (Male) |
| 5:16 | Create | Fishing Ship |
| 5:24 | Build | House |
| 5:30 | Create | Villager (Male) |
| 5:31 | Create | Villager (Male) |
| 5:54 | Create | Villager (Male) |
| 5:54 | Create | Villager (Male) |
| 5:59 | Create | Fishing Ship |
| 6:09 | Create | Villager (Male) |
| 6:10 | Create | Villager (Male) |
| 6:29 | Research | Loom |
| 6:29 | Research | Loom |
| 6:34 | Create | Fishing Ship |
| 6:36 | Build | House |
| 7:02 | Create | Villager (Male) |
| 7:03 | Create | Villager (Male) |
| 7:12 | Create | Fishing Ship |
| 7:50 | Create | Villager (Male) |
| 7:50 | Create | Villager (Male) |
| 7:50 | Create | Villager (Male) |
| 7:53 | Create | Fishing Ship |
| 7:57 | Build | House |
| 7:59 | Build | House |
| 8:08 | Create | Villager (Male) |
| 8:08 | Create | Villager (Male) |
| 8:09 | Create | Villager (Male) |
| 8:58 | Build | Mill |
| 9:20 | Create | Villager (Male) |
| 9:33 | Build | Mining Camp |
| 9:41 | Research | Feudal Age |
| 9:42 | Research | Feudal Age |
| 9:42 | Research | Feudal Age |
| 10:36 | Create | Villager (Male) |
| 10:36 | Create | Villager (Male) |
| 11:55 | Age | Feudal Age |
| 11:57 | Build | Market |
| 12:01 | Build | Blacksmith |
| 12:08 | Research | Double-Bit Axe |
| 12:08 | Research | Double-Bit Axe |
| 12:30 | Research | Horse Collar |
| 12:30 | Research | Horse Collar |
| 12:49 | Research | Castle Age |
| 12:50 | Research | Castle Age |
| 13:37 | Build | Fish Trap |
| 13:43 | Build | Fish Trap |
| 13:50 | Build | Fish Trap |
| 14:00 | Build | Fish Trap |
| 14:10 | Build | Fish Trap |
| 14:52 | Research | Tech 906 |
| 14:52 | Research | Tech 906 |
| 15:07 | Build | House |
| 15:08 | Build | House |
| 15:12 | Build | House |
| 15:25 | Create | Villager (Male) |
| 15:25 | Create | Villager (Male) |
| 15:29 | Age | Castle Age |
| 15:31 | Build | Siege Workshop |
| 15:55 | Build | Town Center |
| 16:11 | Create | Villager (Male) |
| 16:12 | Create | Villager (Male) |
| 16:13 | Create | Villager (Male) |
| 16:21 | Create | Mangonel |
| 16:26 | Build | House |
| 16:30 | Build | House |
| 16:39 | Create | Villager (Male) |
| 16:45 | Research | Bow Saw |
| 16:45 | Research | Bow Saw |
| 16:45 | Research | Bow Saw |
| 17:17 | Create | Villager (Male) |
| 17:17 | Create | Villager (Male) |
| 17:26 | Create | Mangonel |
| 17:44 | Create | Villager (Male) |
| 17:44 | Create | Villager (Male) |
| 17:49 | Build | Farm |
| 17:49 | Build | Farm |
| 17:49 | Build | Farm |
| 17:49 | Build | Farm |
| 17:50 | Build | Farm |
| 17:50 | Build | Farm |
| 17:50 | Build | Farm |
| 17:58 | Build | House |
| 18:00 | Build | House |
| 18:09 | Create | Villager (Male) |
| 18:09 | Create | Villager (Male) |
| 18:32 | Create | Fishing Ship |
| 18:52 | Create | Villager (Male) |
| 18:53 | Create | Villager (Male) |
| 18:56 | Build | Town Center |
| 19:30 | Research | Wheelbarrow |
| 19:32 | Create | Villager (Male) |
| 19:55 | Create | Villager (Male) |
| 19:56 | Create | Villager (Male) |
| 19:57 | Create | Villager (Male) |
| 19:57 | Create | Villager (Male) |
| 19:58 | Create | Villager (Male) |
| 20:01 | Build | Farm |
| 20:02 | Build | Farm |
| 20:02 | Build | Farm |
| 20:02 | Build | Farm |
| 20:02 | Build | Farm |
| 20:03 | Build | Farm |
| 20:03 | Build | Farm |
| 20:20 | Build | House |
| 20:21 | Build | House |
| 20:22 | Build | House |
| 20:29 | Build | Fish Trap |
| 20:31 | Create | Fishing Ship |
| 20:39 | Create | Villager (Male) |
| 20:39 | Create | Villager (Male) |
| 20:40 | Create | Villager (Male) |
| 20:41 | Create | Villager (Male) |
| 21:02 | Build | House |
| 21:04 | Build | House |
| 21:04 | Build | House |
| 21:08 | Build | House |
| 21:33 | Research | Hand Cart |
| 21:34 | Research | Hand Cart |
| 21:41 | Build | Fish Trap |
Build order — ryan20160922
First 150 of 716 actions detected
| 0:02 | Create | Villager (Male) |
| 0:02 | Create | Villager (Male) |
| 0:05 | Build | House |
| 0:07 | Build | House |
| 0:08 | Create | Villager (Male) |
| 0:19 | Create | Villager (Male) |
| 0:20 | Create | Villager (Male) |
| 0:51 | Research | Loom |
| 0:52 | Create | Villager (Male) |
| 0:53 | Create | Villager (Male) |
| 0:53 | Create | Villager (Male) |
| 0:53 | Create | Villager (Male) |
| 1:28 | Build | Palisade Wall |
| 1:31 | Build | Palisade Wall |
| 1:40 | Build | Palisade Wall |
| 1:41 | Build | Palisade Wall |
| 1:42 | Build | Palisade Wall |
| 1:43 | Create | Villager (Male) |
| 1:43 | Create | Villager (Male) |
| 2:10 | Build | Lumber Camp |
| 2:56 | Create | Villager (Male) |
| 2:56 | Create | Villager (Male) |
| 2:56 | Create | Villager (Male) |
| 3:10 | Create | Villager (Male) |
| 3:10 | Create | Villager (Male) |
| 3:43 | Create | Villager (Male) |
| 4:12 | Create | Villager (Male) |
| 4:12 | Create | Villager (Male) |
| 4:18 | Build | House |
| 4:19 | Build | House |
| 4:28 | Create | Villager (Male) |
| 5:04 | Build | Lumber Camp |
| 5:11 | Create | Villager (Male) |
| 5:11 | Create | Villager (Male) |
| 5:34 | Create | Villager (Male) |
| 5:34 | Create | Villager (Male) |
| 6:03 | Create | Villager (Male) |
| 6:04 | Create | Villager (Male) |
| 6:22 | Create | Villager (Male) |
| 6:22 | Create | Villager (Male) |
| 6:34 | Build | Mill |
| 6:49 | Create | Villager (Male) |
| 6:50 | Create | Villager (Male) |
| 6:59 | Create | Villager (Male) |
| 6:59 | Create | Villager (Male) |
| 7:34 | Build | Dock |
| 7:35 | Create | Villager (Male) |
| 7:53 | Build | House |
| 8:01 | Create | Villager (Male) |
| 8:15 | Create | Fishing Ship |
| 8:15 | Create | Fishing Ship |
| 8:38 | Create | Villager (Male) |
| 8:38 | Create | Villager (Male) |
| 8:47 | Create | Fishing Ship |
| 9:05 | Create | Fishing Ship |
| 9:10 | Create | Villager (Male) |
| 9:10 | Create | Villager (Male) |
| 9:10 | Create | Villager (Male) |
| 9:38 | Create | Villager (Male) |
| 9:44 | Build | House |
| 9:49 | Build | House |
| 9:58 | Build | House |
| 10:09 | Create | Fishing Ship |
| 10:12 | Create | Villager (Male) |
| 10:56 | Research | Feudal Age |
| 11:00 | Create | Fishing Ship |
| 12:17 | Build | Mining Camp |
| 12:41 | Create | Fishing Ship |
| 13:06 | Age | Feudal Age |
| 13:10 | Create | Villager (Male) |
| 13:13 | Create | Villager (Male) |
| 13:21 | Build | Blacksmith |
| 13:26 | Create | Fishing Ship |
| 13:36 | Build | Market |
| 13:45 | Create | Villager (Male) |
| 13:51 | Build | House |
| 14:07 | Create | Villager (Male) |
| 14:27 | Create | Villager (Male) |
| 14:49 | Build | Fish Trap |
| 15:00 | Research | Castle Age |
| 15:12 | Build | Mining Camp |
| 15:55 | Build | Fish Trap |
| 16:10 | Build | Fish Trap |
| 16:37 | Build | Fish Trap |
| 16:50 | Build | Fish Trap |
| 17:11 | Build | Fish Trap |
| 17:27 | Build | Fish Trap |
| 17:49 | Build | Fish Trap |
| 17:55 | Age | Castle Age |
| 17:57 | Create | Villager (Male) |
| 17:57 | Create | Villager (Male) |
| 18:01 | Research | Double-Bit Axe |
| 18:46 | Create | Villager (Male) |
| 18:59 | Build | Castle |
| 19:04 | Create | Villager (Male) |
| 19:08 | Research | Bow Saw |
| 19:11 | Research | Tech 906 |
| 19:38 | Build | Town Center |
| 19:41 | Create | Villager (Male) |
| 19:41 | Create | Villager (Male) |
| 20:04 | Build | House |
| 20:09 | Research | Wheelbarrow |
| 20:21 | Create | Villager (Male) |
| 20:24 | Build | Monastery |
| 20:26 | Research | Gillnets |
| 20:29 | Create | Villager (Male) |
| 20:29 | Create | Villager (Male) |
| 20:30 | Create | Villager (Male) |
| 20:49 | Build | Town Center |
| 21:14 | Create | Villager (Male) |
| 21:20 | Create | Fishing Ship |
| 21:28 | Create | Villager (Male) |
| 21:32 | Create | Fishing Ship |
| 21:39 | Create | Villager (Male) |
| 21:51 | Create | Villager (Male) |
| 21:58 | Build | Dock |
| 22:04 | Build | Fish Trap |
| 22:06 | Create | Villager (Male) |
| 22:06 | Create | Villager (Male) |
| 22:15 | Create | Villager (Male) |
| 22:17 | Research | Horse Collar |
| 22:19 | Create | Villager (Male) |
| 22:28 | Build | House |
| 22:29 | Build | House |
| 22:31 | Build | House |
| 22:33 | Build | House |
| 22:34 | Create | Villager (Male) |
| 22:41 | Build | Farm |
| 22:41 | Build | Farm |
| 22:42 | Build | Farm |
| 22:44 | Create | Villager (Male) |
| 22:44 | Create | Villager (Male) |
| 22:45 | Create | Monk |
| 22:46 | Build | Farm |
| 22:50 | Build | Farm |
| 22:51 | Build | Farm |
| 22:52 | Build | Farm |
| 22:57 | Build | Farm |
| 22:58 | Build | Farm |
| 23:00 | Build | Farm |
| 23:06 | Build | Farm |
| 23:06 | Build | Farm |
| 23:07 | Build | Farm |
| 23:07 | Build | Farm |
| 23:09 | Create | Villager (Male) |
| 23:13 | Create | Villager (Male) |
| 23:13 | Create | Villager (Male) |
| 23:13 | Create | Villager (Male) |
| 23:16 | Create | Fishing Ship |
| 23:16 | Create | Fishing Ship |
Build order — Non faux pa
First 150 of 366 actions detected
| 0:01 | Create | Villager (Male) |
| 0:02 | Create | Villager (Male) |
| 0:02 | Create | Villager (Male) |
| 0:02 | Create | Villager (Male) |
| 0:06 | Build | House |
| 0:08 | Build | House |
| 1:00 | Build | Palisade Wall |
| 1:48 | Build | Palisade Wall |
| 2:00 | Research | Loom |
| 2:36 | Create | Villager (Male) |
| 3:08 | Build | Lumber Camp |
| 3:10 | Create | Villager (Male) |
| 3:10 | Create | Villager (Male) |
| 3:36 | Create | Villager (Male) |
| 3:36 | Create | Villager (Male) |
| 3:58 | Create | Villager (Male) |
| 4:20 | Create | Villager (Male) |
| 5:06 | Create | Villager (Male) |
| 5:08 | Build | House |
| 6:04 | Create | Villager (Male) |
| 6:05 | Create | Villager (Male) |
| 6:56 | Build | Dock |
| 7:04 | Create | Villager (Male) |
| 7:15 | Create | Villager (Male) |
| 7:20 | Build | House |
| 7:24 | Create | Villager (Male) |
| 7:47 | Create | Fishing Ship |
| 8:08 | Create | Villager (Male) |
| 8:31 | Create | Villager (Male) |
| 8:34 | Create | Fishing Ship |
| 9:49 | Create | Villager (Male) |
| 9:49 | Create | Villager (Male) |
| 9:50 | Create | Villager (Male) |
| 10:07 | Create | Villager (Male) |
| 10:07 | Create | Villager (Male) |
| 10:07 | Create | Villager (Male) |
| 10:15 | Create | Fishing Ship |
| 10:20 | Build | House |
| 11:17 | Create | Villager (Male) |
| 11:42 | Research | Feudal Age |
| 11:59 | Build | Mining Camp |
| 12:13 | Create | Fishing Ship |
| 12:18 | Build | House |
| 12:19 | Build | House |
| 13:12 | Build | Mill |
| 13:22 | Build | Palisade Wall |
| 13:57 | Create | Fishing Ship |
| 14:04 | Create | Villager (Male) |
| 14:04 | Age | Feudal Age |
| 14:05 | Create | Villager (Male) |
| 14:18 | Build | Mill |
| 14:31 | Build | Fish Trap |
| 14:34 | Build | Fish Trap |
| 14:44 | Build | Fish Trap |
| 14:47 | Research | Tech 906 |
| 14:52 | Build | Stone Wall |
| 14:54 | Create | Villager (Male) |
| 14:59 | Build | Market |
| 15:25 | Build | Fish Trap |
| 15:31 | Build | Fish Trap |
| 15:33 | Create | Villager (Male) |
| 15:39 | Build | Blacksmith |
| 15:44 | Research | Double-Bit Axe |
| 15:59 | Create | Villager (Male) |
| 16:18 | Create | Fishing Ship |
| 16:37 | Research | Castle Age |
| 16:44 | Build | Stone Wall |
| 16:57 | Build | House |
| 17:00 | Build | House |
| 17:03 | Build | House |
| 17:04 | Build | House |
| 17:09 | Build | Fish Trap |
| 17:10 | Create | Fishing Ship |
| 17:54 | Build | Outpost |
| 17:59 | Build | Fish Trap |
| 18:00 | Create | Fishing Ship |
| 18:38 | Create | Villager (Male) |
| 18:52 | Build | Fish Trap |
| 18:53 | Create | Fishing Ship |
| 19:06 | Build | House |
| 19:07 | Build | House |
| 19:09 | Create | Villager (Male) |
| 19:17 | Age | Castle Age |
| 19:17 | Build | Dock |
| 19:20 | Research | Gillnets |
| 19:22 | Create | Villager (Male) |
| 19:34 | Build | Town Center |
| 19:52 | Create | Villager (Male) |
| 19:55 | Build | Fish Trap |
| 20:03 | Create | Villager (Male) |
| 20:13 | Create | Villager (Male) |
| 20:14 | Create | Villager (Male) |
| 20:20 | Create | Fishing Ship |
| 20:20 | Create | Fishing Ship |
| 20:43 | Create | Villager (Male) |
| 21:06 | Build | Stone Wall |
| 21:16 | Build | Fish Trap |
| 21:26 | Build | Fish Trap |
| 21:30 | Create | Fishing Ship |
| 21:30 | Create | Fishing Ship |
| 21:34 | Create | Villager (Male) |
| 21:38 | Create | Villager (Male) |
| 21:38 | Create | Villager (Male) |
| 21:39 | Create | Villager (Male) |
| 21:53 | Build | University |
| 21:56 | Create | Villager (Male) |
| 21:56 | Create | Villager (Male) |
| 22:13 | Build | Mining Camp |
| 22:27 | Build | Fish Trap |
| 22:36 | Build | Fish Trap |
| 22:47 | Create | Villager (Male) |
| 22:47 | Create | Villager (Male) |
| 22:53 | Build | Monastery |
| 22:58 | Create | Villager (Male) |
| 22:58 | Create | Villager (Male) |
| 23:01 | Research | Fletching |
| 23:05 | Create | Villager (Male) |
| 23:06 | Create | Villager (Male) |
| 23:13 | Research | Masonry |
| 23:16 | Research | Fortified Wall (upgrade) |
| 23:18 | Create | Villager (Male) |
| 23:18 | Create | Villager (Male) |
| 23:24 | Create | Fishing Ship |
| 23:24 | Create | Fishing Ship |
| 23:38 | Build | Watch Tower |
| 23:47 | Create | Monk |
| 23:57 | Create | Villager (Male) |
| 23:57 | Create | Villager (Male) |
| 24:06 | Research | Guard Tower (upgrade) |
| 24:09 | Research | Bodkin Arrow |
| 24:21 | Build | Fish Trap |
| 24:24 | Build | Fish Trap |
| 24:26 | Create | Villager (Male) |
| 24:27 | Create | Villager (Male) |
| 24:42 | Build | Watch Tower |
| 24:44 | Create | Villager (Male) |
| 24:46 | Create | Villager (Male) |
| 24:46 | Create | Villager (Male) |
| 24:50 | Research | Treadmill Crane |
| 24:53 | Create | Villager (Male) |
| 24:53 | Create | Villager (Male) |
| 25:05 | Create | Villager (Male) |
| 25:05 | Create | Villager (Male) |
| 25:17 | Create | Fishing Ship |
| 25:17 | Create | Fishing Ship |
| 25:24 | Build | Dock |
| 25:29 | Create | Villager (Male) |
| 25:29 | Create | Villager (Male) |
| 25:29 | Create | Villager (Male) |
| 25:33 | Build | Lumber Camp |
Build order — abhishekchopra.ubs
First 150 of 442 actions detected
| 0:04 | Create | Villager (Male) ×4 |
| 0:06 | Build | House |
| 0:08 | Build | House |
| 0:11 | Research | Loom |
| 0:12 | Create | Villager (Male) |
| 0:12 | Create | Villager (Male) |
| 0:12 | Create | Villager (Male) |
| 0:13 | Create | Villager (Male) |
| 1:20 | Build | Palisade Wall |
| 1:27 | Build | Palisade Wall |
| 1:40 | Build | Palisade Wall |
| 2:27 | Create | Villager (Male) |
| 2:27 | Create | Villager (Male) |
| 2:27 | Create | Villager (Male) |
| 3:18 | Create | Villager (Male) |
| 3:19 | Create | Villager (Male) |
| 3:36 | Build | Lumber Camp |
| 4:04 | Create | Villager (Male) |
| 4:10 | Create | Villager (Male) |
| 4:39 | Create | Villager (Male) |
| 5:09 | Build | House |
| 5:12 | Create | Villager (Male) |
| 5:40 | Build | Palisade Wall |
| 5:44 | Build | Palisade Wall |
| 5:53 | Create | Villager (Male) |
| 5:53 | Create | Villager (Male) |
| 6:03 | Build | Palisade Wall |
| 6:06 | Build | Palisade Wall |
| 6:08 | Build | Palisade Wall |
| 6:10 | Build | Palisade Wall |
| 6:17 | Build | Palisade Wall |
| 6:19 | Create | Villager (Male) |
| 6:24 | Build | Palisade Wall |
| 6:42 | Create | Villager (Male) |
| 6:55 | Build | Palisade Wall |
| 7:30 | Create | Villager (Male) |
| 7:31 | Create | Villager (Male) |
| 7:32 | Create | Villager (Male) |
| 8:05 | Build | Mill |
| 8:06 | Create | Villager (Male) |
| 8:18 | Build | Mill |
| 8:30 | Build | House |
| 8:50 | Build | Palisade Wall |
| 9:02 | Create | Villager (Male) |
| 9:21 | Build | House |
| 9:45 | Create | Villager (Male) |
| 10:01 | Create | Villager (Male) |
| 10:20 | Create | Villager (Male) |
| 10:55 | Create | Villager (Male) |
| 11:09 | Create | Villager (Male) |
| 11:20 | Build | Farm |
| 11:31 | Build | Mining Camp |
| 12:06 | Research | Feudal Age |
| 12:06 | Research | Feudal Age |
| 12:40 | Create | Villager (Male) |
| 13:01 | Build | House |
| 13:03 | Build | Palisade Wall |
| 13:28 | Build | House |
| 13:37 | Build | House |
| 13:47 | Create | Villager (Male) |
| 13:56 | Build | Mining Camp |
| 13:57 | Create | Villager (Male) |
| 14:18 | Build | House |
| 14:27 | Age | Feudal Age |
| 14:30 | Build | Blacksmith |
| 14:42 | Build | Stone Wall |
| 14:44 | Create | Villager (Male) |
| 14:57 | Build | Market |
| 15:12 | Build | Gate |
| 15:19 | Create | Villager (Male) |
| 15:51 | Build | Stone Wall |
| 15:55 | Build | Stone Wall |
| 15:58 | Build | Stone Wall |
| 16:01 | Build | Stone Wall |
| 16:09 | Build | Stone Wall |
| 16:11 | Create | Villager (Male) |
| 16:20 | Build | Farm |
| 16:34 | Build | Blacksmith |
| 16:40 | Create | Villager (Male) |
| 16:52 | Create | Villager (Male) |
| 17:26 | Research | Castle Age |
| 17:26 | Research | Castle Age |
| 17:26 | Research | Castle Age |
| 17:46 | Build | Gate |
| 18:06 | Build | Lumber Camp |
| 18:15 | Research | Double-Bit Axe |
| 18:15 | Research | Double-Bit Axe |
| 18:18 | Research | Horse Collar |
| 18:18 | Research | Horse Collar |
| 18:21 | Build | Farm |
| 18:22 | Build | Farm |
| 18:22 | Build | Farm |
| 18:24 | Build | Farm |
| 18:54 | Build | House |
| 18:56 | Build | House |
| 20:05 | Create | Villager (Male) |
| 20:07 | Create | Villager (Male) |
| 20:10 | Age | Castle Age |
| 20:27 | Build | Gate |
| 20:33 | Build | Stone Wall |
| 20:34 | Create | Villager (Male) |
| 20:52 | Build | Town Center |
| 20:55 | Create | Villager (Male) |
| 21:00 | Build | Town Center |
| 21:07 | Create | Villager (Male) |
| 21:24 | Research | Bow Saw |
| 21:24 | Research | Bow Saw |
| 21:26 | Research | Heavy Plow |
| 21:26 | Research | Heavy Plow |
| 21:29 | Create | Villager (Male) |
| 21:42 | Build | Town Center |
| 21:46 | Create | Villager (Male) |
| 22:06 | Create | Villager (Male) |
| 22:24 | Build | Outpost |
| 22:34 | Create | Villager (Male) |
| 22:38 | Build | Farm |
| 22:39 | Build | Farm |
| 22:39 | Build | Farm |
| 22:39 | Build | Farm |
| 22:39 | Build | Farm |
| 22:58 | Build | Outpost |
| 23:02 | Create | Villager (Male) |
| 23:08 | Build | Farm |
| 23:10 | Build | Farm |
| 23:11 | Create | Villager (Male) |
| 23:14 | Build | Farm |
| 23:16 | Build | Farm |
| 23:20 | Build | Farm |
| 23:22 | Build | Farm |
| 23:27 | Build | Farm |
| 23:44 | Create | Villager (Male) |
| 23:56 | Build | Siege Workshop |
| 23:59 | Create | Villager (Male) |
| 24:16 | Build | House |
| 24:20 | Build | House |
| 24:21 | Create | Villager (Male) |
| 24:21 | Create | Villager (Male) |
| 24:24 | Create | Villager (Male) |
| 24:30 | Build | Farm |
| 24:31 | Create | Villager (Male) |
| 24:32 | Create | Villager (Male) |
| 24:40 | Build | Farm |
| 24:42 | Create | Villager (Male) |
| 24:48 | Build | Farm |
| 24:52 | Create | Villager (Male) |
| 24:52 | Create | Villager (Male) |
| 25:06 | Build | Mill |
| 25:07 | Build | Farm |
| 25:07 | Build | Farm |
| 25:07 | Build | Farm |
Match timeline
| 1:00 | Non faux pa · wall_segment Palisade Wall x12 |
| 1:08 | bitwise · wall_segment Palisade Wall x1 |
| 1:20 | abhishekchopra.ubs · wall_segment Palisade Wall x7 |
| 1:27 | abhishekchopra.ubs · wall_segment Palisade Wall x1 |
| 1:28 | ryan20160922 · wall_segment Palisade Wall x1 |
| 1:31 | ryan20160922 · wall_segment Palisade Wall x5 |
| 1:40 | ryan20160922 · wall_segment Palisade Wall x1 |
| 1:40 | abhishekchopra.ubs · wall_segment Palisade Wall x7 |
| 1:41 | ryan20160922 · wall_segment Palisade Wall x1 |
| 1:42 | ryan20160922 · wall_segment Palisade Wall x1 |
| 1:48 | Non faux pa · wall_segment Palisade Wall x10 |
| 3:26 | bitwise · wall_segment Palisade Wall x8 |
| 3:42 | Vilkian · wall_segment Palisade Wall x9 |
| 4:29 | k10_g15 · first_building Dock |
| 4:53 | Vilkian · wall_segment Palisade Wall x9 |
| 5:26 | Vilkian · wall_segment Palisade Wall x3 |
| 5:37 | Vilkian · wall_segment Palisade Wall x8 |
| 5:40 | abhishekchopra.ubs · wall_segment Palisade Wall x1 |
| 5:43 | Vilkian · wall_segment Palisade Wall x2 |
| 5:44 | abhishekchopra.ubs · wall_segment Palisade Wall x1 |
| 5:45 | Vilkian · wall_segment Palisade Wall x3 |
| 6:03 | abhishekchopra.ubs · wall_segment Palisade Wall x1 |
| 6:06 | abhishekchopra.ubs · wall_segment Palisade Wall x1 |
| 6:08 | abhishekchopra.ubs · wall_segment Palisade Wall x1 |
| 6:10 | abhishekchopra.ubs · wall_segment Palisade Wall x1 |
| 6:17 | abhishekchopra.ubs · wall_segment Palisade Wall x1 |
| 6:24 | abhishekchopra.ubs · wall_segment Palisade Wall x4 |
| 6:55 | abhishekchopra.ubs · wall_segment Palisade Wall x8 |
| 6:56 | Non faux pa · first_building Dock |
| 7:34 | ryan20160922 · first_building Dock |
| 7:53 | Vilkian · wall_segment Palisade Wall x4 |
| 8:50 | abhishekchopra.ubs · wall_segment Palisade Wall x1 |
| 10:28 | bitwise · first_building Dock |
| 10:38 | 11VillagerIdle · age_up feudal |
| 11:50 | bitwise · age_up feudal |
| 11:55 | k10_g15 · age_up feudal |
| 12:53 | Simba · age_up feudal |
| 12:59 | Vilkian · age_up feudal |
| 13:03 | abhishekchopra.ubs · wall_segment Palisade Wall x1 |
| 13:06 | ryan20160922 · age_up feudal |
| 13:22 | Non faux pa · wall_segment Palisade Wall x13 |
| 13:26 | 11VillagerIdle · first_building Dock |
| 13:46 | 11VillagerIdle · first_building Barracks |
| 13:57 | bitwise · first_building Barracks |
| 14:04 | Non faux pa · age_up feudal |
| 14:27 | abhishekchopra.ubs · age_up feudal |
| 14:42 | abhishekchopra.ubs · wall_segment Stone Wall x5 |
| 14:52 | Non faux pa · wall_segment Stone Wall x13 |
| 15:15 | 11VillagerIdle · age_up castle |
| 15:29 | k10_g15 · age_up castle |
| 15:31 | k10_g15 · first_building Siege Workshop |
| 15:51 | abhishekchopra.ubs · wall_segment Stone Wall x1 |
| 15:55 | abhishekchopra.ubs · wall_segment Stone Wall x3 |
| 15:58 | abhishekchopra.ubs · wall_segment Stone Wall x5 |
| 16:01 | abhishekchopra.ubs · wall_segment Stone Wall x7 |
| 16:09 | abhishekchopra.ubs · wall_segment Stone Wall x6 |
| 16:44 | Non faux pa · wall_segment Stone Wall x11 |
| 16:50 | Vilkian · first_building Barracks |
| 17:13 | bitwise · first_market_buy 100 food |
| 17:19 | Vilkian · age_up castle |
| 17:28 | bitwise · first_market_sell 100 stone |
| 17:51 | Simba · age_up castle |
| 17:53 | Vilkian · first_building Stable |
| 17:55 | ryan20160922 · age_up castle |
| 17:55 | 11VillagerIdle · wall_segment Stone Wall x11 |
| 18:59 | ryan20160922 · first_building Castle |
| 19:06 | Simba · first_market_buy 100 stone |
| 19:15 | 11VillagerIdle · first_building Monastery |
| 19:17 | Non faux pa · age_up castle |
| 19:30 | Non faux pa · first_market_buy 500 wood |
| 19:32 | bitwise · wall_segment Stone Wall x1 |
| 19:43 | bitwise · wall_segment Stone Wall x2 |
| 19:51 | Simba · first_building Barracks |
| 19:57 | bitwise · wall_segment Stone Wall x1 |
| 20:10 | abhishekchopra.ubs · age_up castle |
| 20:24 | ryan20160922 · first_building Monastery |
| 20:33 | abhishekchopra.ubs · wall_segment Stone Wall x3 |
| 20:41 | bitwise · age_up castle |
| 20:54 | Non faux pa · first_market_sell 500 food |
| 21:06 | Non faux pa · wall_segment Stone Wall x14 |
| 21:22 | bitwise · first_building Castle |
| 21:29 | bitwise · first_building Siege Workshop |
| 21:32 | Simba · first_building Stable |
| 22:53 | Non faux pa · first_building Monastery |
| 23:56 | abhishekchopra.ubs · first_building Siege Workshop |
| 24:00 | bitwise · first_building Monastery |
| 25:16 | k10_g15 · first_building Monastery |
| 25:39 | 11VillagerIdle · first_building Stable |
| 26:15 | abhishekchopra.ubs · first_building Monastery |
| 26:18 | Simba · first_building Castle |
| 26:23 | k10_g15 · first_building Barracks |
| 26:33 | abhishekchopra.ubs · wall_segment Stone Wall x5 |
| 26:46 | k10_g15 · first_building Stable |
| 26:54 | ryan20160922 · first_market_sell 100 food |
| 26:55 | ryan20160922 · first_market_buy 100 stone |
| 27:07 | 11VillagerIdle · first_building Siege Workshop |
| 27:22 | abhishekchopra.ubs · wall_segment Stone Wall x3 |
| 27:28 | abhishekchopra.ubs · wall_segment Stone Wall x5 |
| 27:46 | ryan20160922 · first_building Siege Workshop |
| 27:59 | 11VillagerIdle · first_building Castle |
| 28:11 | Vilkian · first_building Monastery |
| 28:52 | Non faux pa · first_building Castle |
| 29:21 | ryan20160922 · first_building Barracks |
| 29:32 | 11VillagerIdle · age_up imperial |
| 29:49 | 11VillagerIdle · first_market_buy 100 food |
| 29:51 | Vilkian · first_market_sell 100 wood |
| 30:11 | k10_g15 · first_building Castle |
| 30:45 | ryan20160922 · age_up imperial |
| 30:53 | abhishekchopra.ubs · first_market_sell 100 food |
| 31:06 | abhishekchopra.ubs · first_building Castle |
| 32:47 | Simba · wall_segment Stone Wall x5 |
| 33:11 | Vilkian · age_up imperial |
| 33:11 | Simba · first_building Siege Workshop |
| 33:30 | Non faux pa · age_up imperial |
| 33:41 | Simba · age_up imperial |
| 33:49 | 11VillagerIdle · first_building Archery Range |
| 33:59 | k10_g15 · age_up imperial |
| 34:29 | k10_g15 · first_market_sell 500 stone |
| 35:01 | 11VillagerIdle · wall_segment Palisade Wall x1 |
| 35:51 | 11VillagerIdle · wall_segment Stone Wall x8 |
| 36:13 | 11VillagerIdle · wall_segment Stone Wall x1 |
| 37:22 | bitwise · first_building Archery Range |
| 37:35 | Non faux pa · wall_segment Palisade Wall x1 |
| 38:14 | Non faux pa · wall_segment Stone Wall x1 |
| 38:15 | abhishekchopra.ubs · age_up imperial |
| 39:01 | bitwise · age_up imperial |
| 39:09 | Non faux pa · first_building Barracks |
| 39:59 | k10_g15 · tribute_sent a jugador 1 |
| 39:59 | k10_g15 · tribute_sent a jugador 2 |
| 39:59 | k10_g15 · tribute_sent a jugador 3 |
| 39:59 | k10_g15 · tribute_sent a jugador 5 |
| 39:59 | k10_g15 · tribute_sent a jugador 6 |
| 39:59 | k10_g15 · tribute_sent a jugador 7 |
| 39:59 | k10_g15 · tribute_sent a jugador 8 |
| 41:17 | k10_g15 · tribute_sent a jugador 1 |
| 41:17 | k10_g15 · tribute_sent a jugador 2 |
| 41:17 | k10_g15 · tribute_sent a jugador 3 |
| 41:17 | k10_g15 · tribute_sent a jugador 5 |
| 41:17 | k10_g15 · tribute_sent a jugador 6 |
| 41:17 | k10_g15 · tribute_sent a jugador 7 |
| 41:17 | k10_g15 · tribute_sent a jugador 8 |
| 41:22 | 11VillagerIdle · first_market_sell 100 wood |
| 41:51 | ryan20160922 · first_building Archery Range |
| 41:52 | k10_g15 · first_building Archery Range |
| 45:05 | Simba · first_market_sell 500 stone |
| 45:25 | abhishekchopra.ubs · first_building Barracks |
| 46:10 | ryan20160922 · wall_segment Stone Wall x1 |
| 46:12 | ryan20160922 · wall_segment Stone Wall x1 |
| 46:21 | ryan20160922 · wall_segment Stone Wall x1 |
| 46:52 | 11VillagerIdle · wall_segment Stone Wall x19 |
| 48:34 | Vilkian · first_building Castle |
| 48:46 | k10_g15 · resign |
[ AI ANALYSIS · 1 CREDIT ]
What really happened in this match?
Wolo.gg analyzes every decision: build order, eco, micro, common mistakes by bracket. Personalized analysis on WhatsApp or Discord in 30 seconds.
Civ guide
Franks
Perfil
Jugador #3510060